AoeStats
← Barón de la Cerveza

Arabia

504922710Analyzed
1v1 RM · 26d ago on Sep 7, 2026· 33m 23s· 2 players
Game mode
Random Map
Map size
Tiny (2 player)
Population
200
Speed
Normal
Resources
Standard
Victory
Conquest
Starting age
Dark Age
Ending age
Imperial Age
RankedLock teamsTeams togetherTeam positionsShared explorationLock speedFull tech treeHidden civsTurbo modeCheats
Victory
Defeat
🇲🇽 Italians · Mexico
2015
+10
🇲🇽 Byzantines · Mexico
1869
-10
Chimirindo
7:12 Loom
9:11 Feudal Age
9:22 Man-at-Arms
11:59 Horse Collar
16:10 Fletching
22:22 Castle Age
20:26 Padded Archer Armor
21:34 Gold Mining
22:58 Bodkin Arrow
22:23 Crossbowman
23:41 Thumb Ring
23:49 Double-Bit Axe
25:11 Bow Saw
27:01 Wheelbarrow
27:51 Scale Barding Armor
31:00 Husbandry
31:11 Bloodlines
31:08 Stone Mining
32:01 Town Watch
Barón de la Cerveza
7:07 Loom
9:20 Feudal Age
11:22 Horse Collar
16:09 Wheelbarrow
15:43 Fletching
22:25 Castle Age
22:11 Padded Archer Armor
23:04 Bodkin Arrow
22:30 Elite Skirmisher
23:54 Double-Bit Axe
27:42 Leather Archer Armor
28:35 Ballistics
29:38 Bow Saw
32:29 Redemption
33:23 Sanctity
Connection lost

Rejoining the realm…

Still unreachable

The connection could not be restored.

Session expired

The server has moved on; the page needs a fresh start.